 Dungeon Crawl Stone Soup version 0.25-a0-1133-g93ebf73 (webtiles) character file.

Game seed: 3706158546851221249, levelgen mode: deterministic

467 Faca the Cudgeler (level 6, -11/55 (57) HPs)
             Began as a Draconian Gladiator on May 20, 2020.
             Killed from afar by Dowan (14 damage)
             ... with a stone arrow
             ... on level 4 of the Dungeon.
             The game lasted 00:05:24 (3436 turns).

Faca the Cudgeler (Draconian Gladiator)             Turns: 3436, Time: 00:05:24

HP:   -11/55 (57)   AC:  7    Str: 18    XL:     6   Next: 81%
MP:   6/6           EV: 17    Int:  9    God:
Gold: 229           SH:  0    Dex: 12    Spells: 5/5 levels left

rFire    . . .     SeeInvis .   a - +1 flail
rCold    . . .     Gourm    .   (no shield)
rNeg     . . .     Faith    .   (armour unavailable)
rPois    .         Spirit   .   b - +1 hat
rElec    .         Reflect  .   (no cloak)
rCorr    +         Harm     .   (no gloves)
MR       .....                  (no boots)
Stlth    +.........             (no amulet)
HPRegen  0.18/turn              f - ring of resist corrosion
MPRegen  0.10/turn              i - +4 ring of evasion

@: no status effects
A: unfitting armour, cold-blooded, AC +6
a: no special abilities


You were on level 4 of the Dungeon.
You were not hungry.

You visited 1 branch of the dungeon, and saw 4 of its levels.

You collected 229 gold pieces.

Inventory:

Hand Weapons
 a - a +1 flail (weapon)
Missiles
 c - 2 throwing nets
 j - 39 poisoned darts (quivered)
Armour
 b - a +1 hat (worn)
Jewellery
 f - a ring of resist corrosion (left hand)
 i - a +4 ring of evasion (right hand)
Wands
 s - a wand of paralysis (9)
Scrolls
 h - 3 scrolls of enchant armour
 o - a scroll of fog
 u - 2 scrolls of remove curse
 v - a scroll of teleportation
Potions
 e - a potion of berserk rage {unknown}
 k - 4 potions of curing {unknown}
 l - 2 potions of heal wounds
 m - a potion of cancellation {unknown}
 n - a potion of magic {unknown}
 p - a potion of degeneration {unknown}
 q - a potion of lignification {unknown}
 r - a potion of flight {unknown}
 t - 2 potions of resistance {unknown}
Comestibles
 d - 5 rations
 g - 2 chunks of flesh


   Skills:
 + Level 5.9 Fighting
 + Level 5.9 Maces & Flails
 - Level 1.7 Throwing
 - Level 2.6 Dodging


You had 5 spell levels left.
You didn't know any spells.
Your spell library was empty.

Dungeon Overview and Level Annotations

Branches:
Dungeon (4/15)
 Temple: D:4-7

Altars:
Xom

Annotations:
D:4 Dowan


Innate Abilities, Weirdness & Mutations

Your plain brown scales are hard. (AC +6)
You cannot fit into any form of body armour.
You are cold-blooded and may be slowed by cold attacks.


Message History

Dowan seems to find hidden reserves of power!
Dowan barely misses you.
Throwing (i - inventory. (/) - cycle)
j - 40 poisoned darts (quivered)
Press: ? - help, Shift-Dir - straight line, f - Dowan
Aim: Dowan, wielding a +0 dagger and wearing a +0 robe (fast)
You throw a poisoned dart. The poisoned dart barely misses Dowan.
Dowan gestures wildly while chanting.
Dowan blinks!
Dowan points at you and mumbles some strange words.
The stone arrow hits you!
* * * LOW HITPOINT WARNING * * *
You hit Dowan. You tail-slap Dowan, but do no damage.
Dowan is lightly wounded.
Dowan hits you but does no damage.
You miss Dowan. You tail-slap Dowan.
Dowan is moderately wounded.
Dowan hits you but does no damage.
Dowan points at you and mumbles some strange words.
The stone arrow hits you!
You die...

..........#
#..............#
#..............#
#.............##
#..............#
#............##
#>...........#
###..........รท##
#.@e....(..##..#
......)###......###..#
......# #.....## ##.##
...... ####### #..#
####. #..# ## ##.##
#..# ##.## #..#


You could see Dowan (fast).

Vanquished Creatures
  Duvessa (D:4)
  A necrophage (D:3)
  A hound (D:4)
  An iguana (D:4)
  An orc wizard (D:3)
  7 adders
  An ooze (D:2)
  4 worms
  2 dart slugs
  4 leopard geckos
  11 orcs (D:3)
  14 bats
  2 giant cockroaches
  10 goblins
  8 hobgoblins
  10 jackals
  2 quokkas
  A ball python (D:1)
  4 frilled lizards
  10 kobolds
  11 rats
106 creatures vanquished.

Notes
Turn   | Place    | Note
-------+----------+-------------------------------------------
     0 | D:1      | Faca the Draconian Gladiator began the quest for the Orb.
     0 | D:1      | Reached XP level 1. HP: 17/17 MP: 1/1
   377 | D:1      | Reached XP level 2. HP: 25/25 MP: 2/2
   749 | D:1      | Reached XP level 3. HP: 19/31 MP: 3/3
  1698 | D:2      | Reached XP level 4. HP: 38/40 MP: 4/4
  2434 | D:3      | Noticed a necrophage
  2437 | D:3      | Reached XP level 5. HP: 47/47 MP: 5/5
  2449 | D:3      | Killed a necrophage
  2449 | D:3      | Reached skill level 5 in Maces & Flails
  2696 | D:3      | Found a shimmering altar of Xom.
  2726 | D:3      | Reached skill level 5 in Fighting
  2848 | D:3      | Reached XP level 6. HP: 54/54 MP: 6/6
  3420 | D:4      | Noticed Duvessa
  3421 | D:4      | Noticed Dowan
  3432 | D:4      | Killed Duvessa
  3436 | D:4      | Killed from afar by Dowan

Illustrated notes

Levels and vault maps discovered:
D:1:      dpeg_arrival_stone_temple_mockup, layout_basic
D:2:      layout_loops_ring, first_ration
D:3:      layout_rooms, lemuel_crystal_altar
D:4:      layout_cave_pods, uniq_duvessa, uniq_crazy_yiuf_cottage

Skill      XL: |  1  2  3  4  5 |
---------------+----------------+-----
Fighting       | 3 4 5 |  5.9
Maces & Flails | 4 5 |  5.9
Throwing       | |  1.7
Dodging        | |  2.6

Action                   |  1- 3 |  4- 6 || total
-------------------------+-------+-------++-------
Melee: Flail             |   105 |   179 ||   284
       Tailslap          |    11 |    22 ||    33
Throw: Dart              |       |     3 ||     3
       Throwing net      |       |     1 ||     1
  Use: Scroll            |     5 |     4 ||     9
 Stab: Sleeping          |     1 |     2 ||     3
  Eat: Chunk             |     3 |     5 ||     8
Armor: Skin              |    34 |    45 ||    79
Dodge: Dodged            |   126 |   136 ||   262

Table legend:
 A = Non-vault XP
 B = Vault XP
 C = Vault XP percentage of total XP
 D = Non-vault monster count
 E = Vault monster count
 F = Vault count percentage of total count
                 A         B        C        D         E       F
            +---------+---------+-------+---------+---------+-------
      Total |     530 |     138 |  20.7 |     105 |       1 |   0.9
            +---------+---------+-------+---------+---------+-------
        D:1 |      52 |       0 |   0.0 |      28 |       0 |   0.0
        D:2 |     111 |       0 |   0.0 |      30 |       0 |   0.0
        D:3 |     269 |       0 |   0.0 |      42 |       0 |   0.0
        D:4 |      98 |     138 |  58.5 |       5 |       1 |  16.7
            +---------+---------+-------+---------+---------+-------
